[Event "World Senior chT-65 2019"]
[Site "Rhodes"]
[Date "2019.04.21"]
[Round "6.39"]
[White "Valentine, Brian J"]
[Black "Alkkiomaki, Jyrki"]
[Result "1-0"]
[ECO "C92"]
[WhiteElo "1954"]
[BlackElo "1908"]
[Annotator "NA"]
[PlyCount "97"]
[EventDate "2019.04.16"]
[EventType "team-tourn"]
[EventCountry "GRE"]
[SourceTitle "playchess.com"]
[Source "ChessBase"]
[SourceQuality "1"]
[WhiteTeam "England"]
[BlackTeam "Finland"]
[WhiteTeamCountry "ENG"]
[BlackTeamCountry "FIN"]
[TimeControl "40/5400+30:1800+30"]

1. e4 e5 2. Nf3 Nc6 3. Bb5 a6 4. Ba4 Nf6 5. d3 d6 6. c3 Be7 7. O-O O-O 8. Re1 b5 9. Bc2 Re8 10. h3 h6 11. Nbd2 Bf8 12. Nf1 Be6 13. d4 Bd7 14. Ng3 g6 15. Be3 Bg7 16. Qd2 Kh7 17. b4 Qe7 18. a3 Rad8 19. Rac1 Ng8 20. d5 Nb8 21. Qd3 c6 22. Bb3 f5 23. Bb6 Rc8 24. exf5 gxf5 25. Nxf5 Bxf5 26. Qxf5+ Kh8 27. c4 Qb7 28. Be3 bxc4 29. dxc6 Nxc6 30. Rxc4 d5 31. Rh4 Nce7 32. Qb1 e4 33. Nd4 Ng6 34. Rg4 Ne5 35. Rg3 Nd3 36. Rf1 Qf7 37. Ne2 Be5 38. Bd4 Qf6 39. Bxe5 Qxe5 40. Rg6 Qh5 41. Rg4 Ne5 42. Qb2 Kh7 43. Rg3 Qf7 44. Qd4 Nc4 45. Nc3 Qf6 46. Qxd5 Nb6 47. Qf7+ Qxf7 48. Bxf7 Re5 49. Nxe4 1-0

[Event "World Senior chT-65 2019"]
[Site "Rhodes"]
[Date "2019.04.21"]
[Round "6.40"]
[White "Kauko, Pekka"]
[Black "Thynne, Trefor F"]
[Result "1-0"]
[ECO "B10"]
[WhiteElo "1902"]
[BlackElo "1907"]
[Annotator "NA"]
[PlyCount "55"]
[EventDate "2019.04.16"]
[EventType "team-tourn"]
[EventCountry "GRE"]
[SourceTitle "playchess.com"]
[Source "ChessBase"]
[SourceQuality "1"]
[WhiteTeam "Finland"]
[BlackTeam "England"]
[WhiteTeamCountry "FIN"]
[BlackTeamCountry "ENG"]
[TimeControl "40/5400+30:1800+30"]

1. c4 c6 2. e4 d5 3. e5 d4 4. Bd3 c5 5. h3 Nc6 6. Nf3 e6 7. O-O Nge7 8. Re1 h6 9. Be4 g5 10. d3 Bg7 11. a3 Qc7 12. Qe2 Nxe5 13. Nxe5 Bxe5 14. b4 Bd6 15. Qh5 Bf4 16. Nd2 Bd7 17. Nb3 Bxc1 18. Raxc1 cxb4 19. axb4 e5 20. Nc5 Nc6 21. Nxb7 Rb8 22. Nc5 Nxb4 23. Nxd7 Qxd7 24. c5 Nd5 25. Qf3 Ne7 26. Qf6 Rg8 27. Qxe5 Rc8 28. Bf5 1-0

[Event "World Senior chT-65 2019"]
[Site "Rhodes"]
[Date "2019.04.21"]
[Round "6.41"]
[White "Jones, Iolo C"]
[Black "Maki, Christer"]
[Result "1-0"]
[ECO "B06"]
[WhiteElo "2187"]
[BlackElo "1885"]
[Annotator "NA"]
[PlyCount "86"]
[EventDate "2019.04.16"]
[EventType "team-tourn"]
[EventCountry "GRE"]
[SourceTitle "playchess.com"]
[Source "ChessBase"]
[SourceQuality "1"]
[WhiteTeam "Wales"]
[BlackTeam "Sweden"]
[WhiteTeamCountry "WLS"]
[BlackTeamCountry "SWE"]
[TimeControl "40/5400+30:1800+30"]

1. d4 g6 2. e4 Bg7 3. Nf3 d6 4. Nc3 Bg4 5. Be3 Nd7 6. Be2 c6 7. O-O Bxf3 8. Bxf3 e5 9. dxe5 dxe5 10. Qe2 Ngf6 11. Qc4 O-O 12. Rfd1 Qe7 13. a4 Rfd8 14. a5 a6 15. Na4 Nf8 16. Nc5 Ne6 17. Nxe6 Qxe6 18. Qxe6 fxe6 19. Bb6 Rxd1+ 20. Rxd1 Kf7 21. Be2 Re8 22. f3 Re7 23. Bd3 Rd7 24. Kf2 Bf8 25. Ke2 Be7 26. Bf2 Bb4 27. Ra1 Ne8 28. g4 g5 29. Bg3 Kf6 30. h4 gxh4 31. Bxh4+ Kg6 32. Bg3 Bd6 33. Bc4 Kf7 34. Rh1 Kg7 35. Bxe6 Re7 36. Bf5 Kg8 37. Rh6 Bc7 38. Bh4 Rg7 39. Be1 Bd6 40. Bc3 Re7 41. Re6 Kf7 42. Rxe7+ Bxe7 43. Bxe5 Bf8 1-0

[Event "World Senior chT-65 2019"]
[Site "Rhodes"]
[Date "2019.04.21"]
[Round "6.42"]
[White "Wihlborn, Bengt"]
[Black "Thornton, John D"]
[Result "1/2-1/2"]
[ECO "D32"]
[WhiteElo "1820"]
[BlackElo "2061"]
[Annotator "NA"]
[PlyCount "42"]
[EventDate "2019.04.16"]
[EventType "team-tourn"]
[EventCountry "GRE"]
[SourceTitle "playchess.com"]
[Source "ChessBase"]
[SourceQuality "1"]
[WhiteTeam "Sweden"]
[BlackTeam "Wales"]
[WhiteTeamCountry "SWE"]
[BlackTeamCountry "WLS"]
[TimeControl "40/5400+30:1800+30"]

1. Nf3 d5 2. c4 e6 3. e3 c5 4. cxd5 exd5 5. d4 Nf6 6. Be2 Nc6 7. O-O Be7 8. b3 O-O 9. Bb2 Re8 10. Nc3 Bg4 11. dxc5 Bxc5 12. Rc1 Bf8 13. Nb5 Ne4 14. Nbd4 Rc8 15. Rc2 Nb4 16. Rxc8 Bxc8 17. a3 Nc6 18. b4 a5 19. b5 Nxd4 20. Qxd4 Be6 21. Rd1 Nd6 1/2-1/2

[Event "World Senior chT-65 2019"]
[Site "Rhodes"]
[Date "2019.04.21"]
[Round "6.43"]
[White "Bevan, Peter M"]
[Black "Palsson, Bertil"]
[Result "1/2-1/2"]
[ECO "A34"]
[WhiteElo "1920"]
[BlackElo "1785"]
[Annotator "NA"]
[PlyCount "62"]
[EventDate "2019.04.16"]
[EventType "team-tourn"]
[EventCountry "GRE"]
[SourceTitle "playchess.com"]
[Source "ChessBase"]
[SourceQuality "1"]
[WhiteTeam "Wales"]
[BlackTeam "Sweden"]
[WhiteTeamCountry "WLS"]
[BlackTeamCountry "SWE"]
[TimeControl "40/5400+30:1800+30"]

1. c4 c5 2. Nc3 Nc6 3. Nf3 Nf6 4. g3 d5 5. cxd5 Nxd5 6. Bg2 g6 7. O-O Bg7 8. Qb3 Nb6 9. d3 Nd4 10. Nxd4 cxd4 11. Nd5 Nxd5 12. Bxd5 O-O 13. Bf4 e6 14. Bxb7 Bxb7 15. Qxb7 e5 16. Bc1 Qa5 17. b3 Rac8 18. b4 Qa4 19. a3 Rc2 20. Qe4 Rfc8 21. f4 exf4 22. Qxf4 Qd7 23. Bd2 Re8 24. Rf2 Be5 25. Qg5 Bg7 26. Rd1 Ra2 27. Qa5 Re5 28. Qa6 Re6 29. Qa5 Re5 30. Qa6 Re6 31. Qc4 Rxa3 1/2-1/2

[Event "World Senior chT-65 2019"]
[Site "Rhodes"]
[Date "2019.04.21"]
[Round "6.44"]
[White "Gunnarsson, Lennart"]
[Black "Harle, Bill"]
[Result "1-0"]
[ECO "D53"]
[WhiteElo "1752"]
[BlackElo "1734"]
[Annotator "NA"]
[PlyCount "49"]
[EventDate "2019.04.16"]
[EventType "team-tourn"]
[EventCountry "GRE"]
[SourceTitle "playchess.com"]
[Source "ChessBase"]
[SourceQuality "1"]
[WhiteTeam "Sweden"]
[BlackTeam "Wales"]
[WhiteTeamCountry "SWE"]
[BlackTeamCountry "WLS"]
[TimeControl "40/5400+30:1800+30"]

1. d4 d5 2. c4 e6 3. Nc3 Nf6 4. Bg5 Be7 5. e3 b6 6. cxd5 Nxd5 7. Bxe7 Nxe7 8. Nf3 Nd7 9. Bd3 Nf6 10. O-O Bb7 11. Rc1 a6 12. Qe2 O-O 13. Rfd1 Ned5 14. Ne5 Qe7 15. a3 Rfc8 16. Ne4 c5 17. dxc5 bxc5 18. Nc4 Rc7 19. Rd2 Ne8 20. Rdc2 a5 21. Ncd2 Rac8 22. Ba6 Bxa6 23. Qxa6 f5 24. Nc3 Ra7 25. Qxc8 1-0

[Event "World Senior chT-65 2019"]
[Site "Rhodes"]
[Date "2019.04.22"]
[Round "7.2"]
[White "Balashov, Yuri S"]
[Black "Karasev, Vladimir I"]
[Result "1-0"]
[ECO "A55"]
[WhiteElo "2470"]
[BlackElo "2281"]
[Annotator "ChessBase"]
[PlyCount "75"]
[EventDate "2019.04.16"]
[EventType "team-tourn"]
[EventCountry "GRE"]
[SourceTitle "playchess.com"]
[Source "ChessBase"]
[SourceQuality "1"]
[WhiteTeam "Russia"]
[BlackTeam "Russia"]
[WhiteTeamCountry "RUS"]
[BlackTeamCountry "RUS"]
[TimeControl "40/5400+30:1800+30"]

1. d4 Nf6 2. c4 d6 3. Nf3 Nbd7 4. Nc3 e5 5. e4 c6 6. Be2 exd4 7. Nxd4 Nc5 8. f3 g6 9. O-O Bg7 10. Kh1 O-O 11. Nb3 Ne6 12. Be3 Qe7 13. Qd2 Rd8 14. Rad1 b6 15. Nd4 Bb7 16. Rfe1 Nxd4 17. Bxd4 Ne8 18. f4 Bxd4 19. Qxd4 Qf6 20. Qe3 Rd7 21. Bg4 Re7 22. Qg3 Qg7 23. Re2 g5 24. Bf5 Ba6 25. fxg5 Bxc4 26. Re3 Be6 27. Rf3 Bxf5 28. exf5 Re5 29. Qf4 Kh8 30. Ne4 Nc7 31. Nxd6 Rf8 32. Ne4 Nd5 33. f6 Nxf4 34. fxg7+ Kxg7 35. Rxf4 Rfe8 36. Nd6 Rd8 37. Rxf7+ Kg6 38. Rff1 1-0

[Event "World Senior chT-65 2019"]
[Site "Rhodes"]
[Date "2019.04.22"]
[Round "7.3"]
[White "Shushpanov, Vladimir"]
[Black "Rashkovsky, Nukhim N"]
[Result "1/2-1/2"]
[ECO "E11"]
[WhiteElo "2180"]
[BlackElo "2488"]
[Annotator "ChessBase"]
[PlyCount "49"]
[EventDate "2019.04.16"]
[EventType "team-tourn"]
[EventCountry "GRE"]
[SourceTitle "playchess.com"]
[Source "ChessBase"]
[SourceQuality "1"]
[WhiteTeam "Russia"]
[BlackTeam "Russia"]
[WhiteTeamCountry "RUS"]
[BlackTeamCountry "RUS"]
[TimeControl "40/5400+30:1800+30"]

1. d4 Nf6 2. c4 e6 3. Nf3 Bb4+ 4. Nbd2 d6 5. a3 Bxd2+ 6. Bxd2 Qe7 7. Bg5 Nbd7 8. e3 h6 9. Bh4 b6 10. Be2 Bb7 11. b4 g5 12. Bg3 Ne4 13. c5 Bd5 14. Qc2 Ndf6 15. Rc1 O-O 16. O-O a5 17. cxd6 cxd6 18. b5 Qb7 19. Rfd1 Rac8 20. Qb2 Rxc1 21. Rxc1 Rc8 22. Ne1 Rxc1 23. Qxc1 Nxg3 24. hxg3 e5 25. Qd1 1/2-1/2

[Event "World Senior chT-65 2019"]
[Site "Rhodes"]
[Date "2019.04.22"]
[Round "7.4"]
[White "Zhelnin, Vladimir V"]
[Black "Blechzin, Igor"]
[Result "1/2-1/2"]
[ECO "B70"]
[WhiteElo "2429"]
[BlackElo "2210"]
[Annotator "NA"]
[PlyCount "51"]
[EventDate "2019.04.16"]
[EventType "team-tourn"]
[EventCountry "GRE"]
[SourceTitle "playchess.com"]
[Source "ChessBase"]
[SourceQuality "1"]
[WhiteTeam "Russia"]
[BlackTeam "Russia"]
[WhiteTeamCountry "RUS"]
[BlackTeamCountry "RUS"]
[TimeControl "40/5400+30:1800+30"]

1. e4 c5 2. Nf3 d6 3. d4 cxd4 4. Nxd4 Nf6 5. Nc3 g6 6. Be2 Bg7 7. O-O Nc6 8. Nb3 O-O 9. Re1 Be6 10. Bg5 Rc8 11. Bf1 Ne5 12. Nd5 Bxd5 13. exd5 Nc4 14. Bxc4 Rxc4 15. Qd3 $11 Rc8 16. c3 h6 17. Bd2 Qc7 18. Re2 Rfe8 19. Rae1 Kf8 20. Be3 Qc4 21. Qxc4 Rxc4 22. Rd1 b6 23. Bd4 Nd7 24. Bxg7+ Kxg7 25. Nd4 Nf6 26. Nc2 1/2-1/2

[Event "World Senior chT-65 2019"]
[Site "Rhodes"]
[Date "2019.04.22"]
[Round "7.5"]
[White "Knaak, Rainer"]
[Black "Karason, Askell O"]
[Result "1-0"]
[ECO "A46"]
[WhiteElo "2482"]
[BlackElo "2252"]
[Annotator "RC"]
[PlyCount "85"]
[EventDate "2019.04.16"]
[EventType "team-tourn"]
[EventCountry "GRE"]
[SourceTitle "playchess.com"]
[Source "ChessBase"]
[SourceQuality "1"]
[WhiteTeam "Germany"]
[BlackTeam "Iceland"]
[WhiteTeamCountry "GER"]
[BlackTeamCountry "ISL"]
[TimeControl "40/5400+30:1800+30"]

1. d4 e6 2. Nf3 Nf6 3. a3 d5 4. Bf4 c5 5. e3 Nc6 6. c3 Bd6 7. Bd3 O-O 8. O-O b6 9. b4 Bb7 10. Nbd2 cxd4 11. cxd4 a5 12. b5 Ne7 13. Ne5 Ng6 14. Bg3 Rc8 15. f4 Ne4 16. Bxe4 dxe4 17. Nc6 Bxc6 18. bxc6 Ne7 19. Nxe4 Nf5 20. Qd3 Rxc6 21. Rfb1 Be7 22. Be1 h5 23. Bd2 Qc7 24. Rb5 Rd8 25. Rab1 Rd5 26. Nc3 Rxb5 27. Nxb5 Qd8 28. a4 Bf6 29. Bc3 Nd6 30. Be1 g6 31. h3 Kg7 32. Bf2 Nxb5 33. axb5 Rc7 34. e4 Rd7 35. Rd1 a4 36. d5 exd5 37. exd5 a3 38. Qxa3 Rxd5 39. Rxd5 Qxd5 40. Qb4 Qe6 41. Qa4 Qd5 42. Bxb6 Qd6 43. Bf2 1-0

[Event "World Senior chT-65 2019"]
[Site "Rhodes"]
[Date "2019.04.22"]
[Round "7.6"]
[White "Gudmundsson, Kristjan"]
[Black "Vogt, Lothar"]
[Result "0-1"]
[ECO "B50"]
[WhiteElo "2268"]
[BlackElo "2362"]
[Annotator "NA"]
[PlyCount "44"]
[EventDate "2019.04.16"]
[EventType "team-tourn"]
[EventCountry "GRE"]
[SourceTitle "playchess.com"]
[Source "ChessBase"]
[SourceQuality "1"]
[WhiteTeam "Iceland"]
[BlackTeam "Germany"]
[WhiteTeamCountry "ISL"]
[BlackTeamCountry "GER"]
[TimeControl "40/5400+30:1800+30"]

1. e4 c5 2. Nf3 e6 3. d3 Nc6 4. g3 d6 5. Bg2 Nf6 6. O-O Be7 7. Re1 Bd7 8. c3 O-O 9. a3 b5 10. Nbd2 Qb6 $11 11. b4 cxb4 12. axb4 a5 13. bxa5 Rxa5 14. Rb1 Ra2 15. Bb2 Qa7 16. Qb3 Qa4 17. Bf1 Rb8 18. d4 Na5 19. Qxa4 bxa4 20. Ba1 Rxb1 21. Rxb1 Nb3 22. Bc4 Rxa1 0-1

[Event "World Senior chT-65 2019"]
[Site "Rhodes"]
[Date "2019.04.22"]
[Round "7.7"]
[White "Kiefer, Gerhard"]
[Black "Viglundsson, Bjorgvin"]
[Result "1-0"]
[ECO "C17"]
[WhiteElo "2279"]
[BlackElo "2170"]
[Annotator "NA"]
[PlyCount "43"]
[EventDate "2019.04.16"]
[EventType "team-tourn"]
[EventCountry "GRE"]
[SourceTitle "playchess.com"]
[Source "ChessBase"]
[SourceQuality "1"]
[WhiteTeam "Germany"]
[BlackTeam "Iceland"]
[WhiteTeamCountry "GER"]
[BlackTeamCountry "ISL"]
[TimeControl "40/5400+30:1800+30"]

1. e4 e6 2. d4 d5 3. Nc3 Bb4 4. e5 Ne7 5. Nf3 c5 6. dxc5 Nd7 7. Bd3 Nxc5 8. O-O Nxd3 9. cxd3 Bd7 10. Nd4 O-O 11. Qg4 Qb6 12. Bg5 Ng6 13. Rae1 Bc5 14. Nb3 d4 15. Nxc5 Qxc5 16. Ne4 Qd5 17. f4 Bc6 18. h4 h5 19. Qxh5 Qxa2 20. Nf6+ gxf6 21. Bxf6 Qxb2 22. Re2 1-0

[Event "World Senior chT-65 2019"]
[Site "Rhodes"]
[Date "2019.04.22"]
[Round "7.8"]
[White "Kristinsson, Jon"]
[Black "Buchal, Stephan"]
[Result "1/2-1/2"]
[ECO "E66"]
[WhiteElo "2094"]
[BlackElo "2283"]
[Annotator "NA"]
[PlyCount "60"]
[EventDate "2019.04.16"]
[EventType "team-tourn"]
[EventCountry "GRE"]
[SourceTitle "playchess.com"]
[Source "ChessBase"]
[SourceQuality "1"]
[WhiteTeam "Iceland"]
[BlackTeam "Germany"]
[WhiteTeamCountry "ISL"]
[BlackTeamCountry "GER"]
[TimeControl "40/5400+30:1800+30"]

1. d4 d6 2. g3 g6 3. Bg2 Bg7 4. Nf3 Nf6 5. O-O O-O 6. c4 Nc6 7. d5 Na5 8. Nfd2 a6 9. Nc3 c5 10. Qc2 b5 11. cxb5 axb5 12. Nxb5 Bf5 13. e4 Bc8 14. Re1 Ba6 15. Bf1 Ng4 $16 16. h3 Ne5 17. f4 c4 18. a4 Nb3 19. Ra3 Bxb5 20. fxe5 Bxa4 21. Nxc4 Nd4 22. Qf2 dxe5 23. Be3 Bd7 24. Rxa8 Qxa8 25. Nxe5 Bxe5 26. Bxd4 Qb8 27. Kg2 Qc7 28. Bd3 Rb8 29. Re2 Rb3 30. Rd2 Rb4 1/2-1/2

[Event "World Senior chT-65 2019"]
[Site "Rhodes"]
[Date "2019.04.22"]
[Round "7.9"]
[White "Westerinen, Heikki M.J."]
[Black "Vaisser, Anatoli"]
[Result "0-1"]
[ECO "C02"]
[WhiteElo "2286"]
[BlackElo "2482"]
[Annotator "ChessBase"]
[PlyCount "96"]
[EventDate "2019.04.16"]
[EventType "team-tourn"]
[EventCountry "GRE"]
[SourceTitle "playchess.com"]
[Source "ChessBase"]
[SourceQuality "1"]
[WhiteTeam "Finland"]
[BlackTeam "France"]
[WhiteTeamCountry "FIN"]
[BlackTeamCountry "FRA"]
[TimeControl "40/5400+30:1800+30"]

1. e4 e6 2. d4 d5 3. e5 c5 4. c3 Qb6 5. Nf3 Nc6 6. a3 c4 7. Nbd2 Na5 8. Be2 Bd7 9. O-O f6 10. Re1 O-O-O 11. b3 cxb3 12. Bb2 Bb5 13. Bxb5 Qxb5 14. exf6 Nxf6 15. Rxe6 Bd6 16. a4 Qb6 17. Ne5 Rhe8 18. Rxe8 Rxe8 19. c4 Nxc4 20. Ndxc4 dxc4 21. Nxc4 Qd8 22. Qxb3 Bc7 23. Ne5 Qd5 24. Qxd5 Nxd5 25. g3 b6 26. Ra3 Kb7 27. Rf3 Ka6 28. Rf7 Re7 29. Rf3 Bd6 30. Rb3 Rc7 31. Kg2 Bb4 32. Nd3 Ba5 33. Rb5 Nc3 34. Bxc3 Bxc3 35. d5 Rc4 36. Rb3 Ka5 37. d6 Bf6 38. Nf4 Rd4 39. Rb5+ Kxa4 40. Rd5 Rxd5 41. Nxd5 Bd8 42. Nc7 b5 43. Ne6 Bb6 44. Kf3 b4 45. Ke2 b3 46. Kd2 Ka3 47. Nc7 b2 48. Nb5+ Kb3 0-1

[Event "World Senior chT-65 2019"]
[Site "Rhodes"]
[Date "2019.04.22"]
[Round "7.10"]
[White "Sharif, Mehrshad"]
[Black "Rantanen, Yrjo A."]
[Result "1-0"]
[ECO "A05"]
[WhiteElo "2331"]
[BlackElo "2283"]
[Annotator "NA"]
[PlyCount "67"]
[EventDate "2019.04.16"]
[EventType "team-tourn"]
[EventCountry "GRE"]
[SourceTitle "playchess.com"]
[Source "ChessBase"]
[SourceQuality "1"]
[WhiteTeam "France"]
[BlackTeam "Finland"]
[WhiteTeamCountry "FRA"]
[BlackTeamCountry "FIN"]
[TimeControl "40/5400+30:1800+30"]

1. Nf3 Nf6 2. g3 g6 3. b3 Bg7 4. Bb2 O-O 5. Bg2 c5 6. c4 e6 7. d4 cxd4 8. Nxd4 d5 9. cxd5 Nxd5 10. O-O Qa5 $14 11. Qd2 Qxd2 12. Nxd2 Rd8 13. Nc4 Nb6 14. Rac1 Nxc4 15. Rxc4 Nd7 16. Rc2 a6 17. Nf3 Nf6 18. Ne5 Nd5 19. Rd1 Re8 20. Nc4 b5 21. Bxg7 Kxg7 22. Bxd5 exd5 23. Nb6 Bf5 24. Rcd2 Rab8 25. Nxd5 a5 26. f3 b4 27. e4 Bc8 28. Kf2 f5 29. exf5 Bxf5 30. g4 Bc8 31. Rc2 Rb7 32. Rdc1 Re5 33. Rc7+ Kh6 34. Nf6 1-0

[Event "World Senior chT-65 2019"]
[Site "Rhodes"]
[Date "2019.04.22"]
[Round "7.11"]
[White "Kivimaki, Jaakko"]
[Black "Giffard, Nicolas"]
[Result "1-0"]
[ECO "A46"]
[WhiteElo "2165"]
[BlackElo "2252"]
[Annotator "NA"]
[PlyCount "73"]
[EventDate "2019.04.16"]
[EventType "team-tourn"]
[EventCountry "GRE"]
[SourceTitle "playchess.com"]
[Source "ChessBase"]
[SourceQuality "1"]
[WhiteTeam "Finland"]
[BlackTeam "France"]
[WhiteTeamCountry "FIN"]
[BlackTeamCountry "FRA"]
[TimeControl "40/5400+30:1800+30"]

1. Nf3 Nf6 2. d4 e6 3. Bg5 Be7 4. Nbd2 h6 5. Bh4 b6 6. e3 Bb7 7. h3 {[%emt 0:00:13] A46: 1 d4 Nf6 2 Nf3 e6: Torre, London and Colle Systems} (7. Bd3 c5 8. c3 Nc6 9. O-O O-O 10. a3 cxd4 11. cxd4 Nd5 12. Bxe7 Ncxe7 13. Qe2 Rc8 14. Rfe1 Rc7 15. Rad1 d6 16. Bb1 Qc8 17. e4 Ba6 18. Bd3 Nf4 19. Bxa6 Nxe2+ 20. Bxe2 {½-½ (95) Radjabov,T (2738)-Perunovic,M (2622) Berlin 2015}) 7... d6 8. Bd3 Nbd7 9. Bg3 O-O 10. O-O Re8 11. e4 d5 $146 ({Predecessor:} 11... Bf8 12. e5 dxe5 13. dxe5 {1-0 (39) Lomako,P (2413)-Podolchenko,E (2467) Minsk 2008}) 12. e5 Ne4 13. Bf4 c5 14. c3 cxd4 15. cxd4 Nb8 16. Qe2 Nxd2 17. Bxd2 Nc6 18. a3 a5 19. Rac1 Qd7 20. Be3 $16 Rec8 21. Rc2 Nb8 22. Rfc1 Rxc2 23. Bxc2 Ba6 24. Qd2 Bf8 25. Bb1 a4 26. h4 h5 27. Ng5 Ra7 28. Qd1 g6 29. g4 hxg4 30. Qxg4 Bg7 31. h5 gxh5 32. Qxh5 Rc7 33. Rxc7 Qxc7 34. Bg6 Kf8 35. Bxf7 Qc2 36. Nxe6+ Ke7 37. Nxg7 1-0

[Event "World Senior chT-65 2019"]
[Site "Rhodes"]
[Date "2019.04.22"]
[Round "7.13"]
[White "Birnboim, Nathan"]
[Black "Rooze, Jan"]
[Result "1-0"]
[ECO "E00"]
[WhiteElo "2365"]
[BlackElo "2261"]
[Annotator "NA"]
[PlyCount "71"]
[EventDate "2019.04.16"]
[EventType "team-tourn"]
[EventCountry "GRE"]
[SourceTitle "playchess.com"]
[Source "ChessBase"]
[SourceQuality "1"]
[WhiteTeam "Israel"]
[BlackTeam "Belgium"]
[WhiteTeamCountry "ISR"]
[BlackTeamCountry "BEL"]
[TimeControl "40/5400+30:1800+30"]

1. d4 Nf6 2. c4 e6 3. g3 Bb4+ 4. Nd2 Nc6 5. Ngf3 d6 6. Bg2 a5 7. O-O e5 8. Nb1 exd4 9. Nxd4 Nxd4 10. Qxd4 h6 11. Nc3 O-O $11 12. b3 Re8 13. e3 Bc5 14. Qd3 Rb8 15. Bb2 Bd7 16. h3 Qc8 17. Kh2 Bc6 18. Nd5 Nxd5 19. cxd5 Bd7 20. Qc3 Re5 21. Qxa5 Rh5 22. h4 Ra8 23. Qc3 Qf8 24. Qd2 Bg4 25. b4 Bb6 26. a4 Re8 27. a5 Ba7 28. Qc3 Be2 29. Rfc1 Rf5 30. Kg1 Re7 31. Rc2 Bf3 32. Bxf3 Rxf3 33. Kg2 Rf5 34. Qd3 Qc8 35. e4 Rh5 36. Qf3 1-0

[Event "World Senior chT-65 2019"]
[Site "Rhodes"]
[Date "2019.04.22"]
[Round "7.14"]
[White "Van de Wynkele, Herman"]
[Black "Berkovich, Mark A"]
[Result "0-1"]
[ECO "B12"]
[WhiteElo "2129"]
[BlackElo "2332"]
[Annotator "NA"]
[PlyCount "66"]
[EventDate "2019.04.16"]
[EventType "team-tourn"]
[EventCountry "GRE"]
[SourceTitle "playchess.com"]
[Source "ChessBase"]
[SourceQuality "1"]
[WhiteTeam "Belgium"]
[BlackTeam "Israel"]
[WhiteTeamCountry "BEL"]
[BlackTeamCountry "ISR"]
[TimeControl "40/5400+30:1800+30"]

1. e4 c6 2. d4 d5 3. e5 c5 4. dxc5 Nc6 5. Nf3 Bg4 6. c3 e6 7. b4 a6 8. Be2 Bxf3 9. Bxf3 Nxe5 10. Qa4+ Qd7 11. Qxd7+ Kxd7 12. Be2 Nf6 13. Nd2 Be7 14. O-O Rhd8 15. Re1 Ke8 $11 16. f4 Nc6 17. Bf3 a5 18. b5 Bxc5+ 19. Kf1 Ne7 20. Nb3 Bb6 21. a4 Rac8 22. Bd2 Nf5 23. Re2 Nd6 24. Be1 Nfe4 25. c4 Nxc4 26. Bxe4 dxe4 27. Rxe4 Ne3+ 28. Ke2 Rc2+ 29. Kf3 Nxg2 30. Bd2 Rd3+ 31. Kxg2 Rxb3 32. Re2 Rd3 33. Rd1 Be3 0-1

[Event "World Senior chT-65 2019"]
[Site "Rhodes"]
[Date "2019.04.22"]
[Round "7.15"]
[White "Maryasin, Boris"]
[Black "Van Herck, Marcel"]
[Result "*"]
[ECO "B70"]
[WhiteElo "2297"]
[BlackElo "2066"]
[Annotator "NA"]
[PlyCount "68"]
[EventDate "2019.04.16"]
[EventType "team-tourn"]
[EventCountry "GRE"]
[SourceTitle "playchess.com"]
[Source "ChessBase"]
[SourceQuality "1"]
[WhiteTeam "Israel"]
[BlackTeam "Belgium"]
[WhiteTeamCountry "ISR"]
[BlackTeamCountry "BEL"]
[TimeControl "40/5400+30:1800+30"]

1. e4 c5 2. Nf3 g6 3. d4 cxd4 4. Nxd4 Bg7 5. Nc3 Nc6 6. Nb3 Nf6 7. Be2 O-O 8. O-O d6 9. Bg5 Be6 10. f4 Qc8 11. h3 Rd8 12. Bf3 a5 13. Nd5 Bxd5 14. exd5 Nb4 $14 15. c3 Na6 16. Qe2 a4 17. Nd4 a3 18. Qxe7 axb2 19. Rab1 Rd7 20. Qe3 Qc4 21. Bxf6 Bxf6 22. Rxb2 Re7 23. Qd2 Rc8 24. Nb5 Bxc3 25. Nxc3 Qxc3 26. Qxc3 Rxc3 27. Rb6 Rd7 28. f5 f6 29. fxg6 hxg6 30. Be2 f5 31. Bb5 Rd8 32. Bxa6 bxa6 33. Rxa6 Rd3 34. Rb1 Kf7 *

[Event "World Senior chT-65 2019"]
[Site "Rhodes"]
[Date "2019.04.22"]
[Round "7.16"]
[White "Schrickx, Frank"]
[Black "Lederman, Leon"]
[Result "1/2-1/2"]
[ECO "B18"]
[WhiteElo "1823"]
[BlackElo "2281"]
[Annotator "NA"]
[PlyCount "117"]
[EventDate "2019.04.16"]
[EventType "team-tourn"]
[EventCountry "GRE"]
[SourceTitle "playchess.com"]
[Source "ChessBase"]
[SourceQuality "1"]
[WhiteTeam "Belgium"]
[BlackTeam "Israel"]
[WhiteTeamCountry "BEL"]
[BlackTeamCountry "ISR"]
[TimeControl "40/5400+30:1800+30"]

1. e4 c6 2. d4 d5 3. Nd2 dxe4 4. Nxe4 Bf5 5. Ng3 Bg6 6. Nf3 Nd7 7. h4 h5 8. Bd3 {[%emt 0:01:04] B18: Classical Caro-Kann: 4...Bf5 sidelines} Bxd3 9. Qxd3 Ngf6 10. Bf4 Qa5+ (10... e6 11. O-O-O Nd5 12. Bd2 Qc7 13. Kb1 O-O-O 14. c4 N5f6 15. Qc2 Ng4 {1-0 (64) Miljkovic,M (2457)-Popovic,N (2241) Ruma 2017}) 11. Bd2 Qc7 12. O-O $146 ({Predecessor:} 12. O-O-O Ng4 13. Qe2 O-O-O 14. Ng5 Nh6 15. Nxh5 Nf6 16. Nf4 Qd6 {1-0 (35) Siegl,A (1803)-Michel,P (1223) Nuremberg 2015}) 12... e6 13. Rad1 Bd6 14. Ne4 Nxe4 15. Qxe4 Nf6 16. Qe2 O-O 17. c4 Ng4 18. Bc3 c5 19. dxc5 Bxc5 $14 20. Ne5 Nf6 21. b4 Be7 22. Rd3 a6 23. Rg3 Rfd8 24. Rd1 Rxd1+ 25. Qxd1 Rd8 26. Qf3 Kf8 27. c5 Rd5 28. Rg5 Bd8 29. Nc4 Rxg5 30. hxg5 Ng4 31. Nd6 Bxg5 32. Qxb7 Qxb7 33. Nxb7 Bf6 34. Bxf6 Nxf6 35. a4 Ke7 36. b5 axb5 37. axb5 Nd5 38. Na5 Kd7 39. Kf1 g5 40. Nc4 f6 41. Nd6 h4 42. Ne4 g4 43. Nd2 Nc3 44. f3 gxf3 45. Nxf3 Nxb5 46. Nxh4 Kc6 47. Ke2 Kxc5 48. Ke3 Kd5 49. g4 Nd4 50. Ng6 e5 51. Ne7+ Ke6 52. Ng6 Kf7 53. Nh4 Kg7 54. Kf2 Kh6 55. Kg3 Kg5 56. Ng2 Nc6 57. Ne3 e4 58. Nd5 Ne5 59. Nxf6 1/2-1/2